 Dungeon Crawl Stone Soup version 0.30-a0-381-g6ea064c7b4 (webtiles) character file.

Game seed: 2834158575418538872

136884 ryw the Spry (level 16, -2/79 HPs)
             Began as a Felid Summoner on Dec 1, 2022.
             Was an Initiate of Gozag.
             Slain by a radroach (17 damage)
             ... on level 4 of the Spider Nest on Dec 2, 2022.
             The game lasted 02:57:54 (43118 turns).

ryw the Spry (Felid Summoner)                      Turns: 43118, Time: 02:57:54

Health: -2/79      AC: 16    Str:  4      XL:     16   Next: 67%
Magic:  1/33       EV: 40    Int: 23      God:    Gozag
Gold:   2947       SH:  0    Dex: 17 (18) Spells: 6/39 levels left
                                        Lives:  0   Deaths: 5

rFire   . . .      SeeInvis +      - Unarmed
rCold   . . .      Faith    .    (shield unavailable)
rNeg    . . .      Spirit   .    (body armour unavailable)
rPois   ∞          Reflect  .    (helmet unavailable)
rElec   +          Harm     .    (cloak unavailable)
rCorr   .          Rampage  .    (gloves unavailable)
Will    ++...                    (boots unavailable)
Stlth   ++........               r - amulet of magic regeneration
HPRegen 0.33/turn                g - +4 ring of evasion
MPRegen 0.63/turn                b - ring of wizardry

@: about to teleport, storm-form, forested, gold aura, flying, very slightly
contaminated, studying 2 skills
A: cleaving, insubstantial, flying, very small, (claws 1), (fangs 3), see
invisible, (speed 1), (shaggy fur 3), (stealthy paws), no weapons or thrown
items, no armour, multi-lived
a: Blinkbolt, End Transformation, Renounce Religion, Potion Petition, Call
Merchant, Bribe Branch


You were on level 4 of the Spider Nest.
You worshipped Gozag.
Gozag was most pleased with you.
You were a lightning-filled tempest!
You visited 6 branches of the dungeon, and saw 31 of its levels.
You also visited: Sewer.

You collected 11620 gold pieces.
You spent 1518 gold pieces at shops.
You paid 7155 gold pieces to Gozag.

Inventory:

Jewellery
 b - a ring of wizardry (right paw)
 g - a +4 ring of evasion (left paw)
 k - a ring of positive energy
 p - a ring of willpower
 r - an amulet of magic regeneration (around neck)
 s - a +6 ring of strength
 t - the amulet "Buxzaig" {Faith Will++ Str+7}
   (You took it off a centaur on level 15 of the Dungeon)

   [amulet of faith]

   It allows you to gain divine favour quickly.
   Str:       It affects your strength (+7).
   Will:      It greatly increases your willpower.
 B - a ring of willpower
 K - a ring of protection from cold
Wands
 h - a wand of polymorph (3)
 y - a wand of light (6)
 z - a wand of roots (10)
 C - a wand of flame (21)
 E - a wand of mindburst (2)
 F - a wand of paralysis (6)
Scrolls
 c - 11 scrolls of teleportation
 d - 6 scrolls of magic mapping
 f - 4 scrolls of amnesia
 o - 2 scrolls of summoning
 v - 4 scrolls of fog
 D - 2 scrolls of silence
 J - 4 scrolls of poison
 L - 3 scrolls of blinking
Potions
 a - 4 potions of magic
 e - 5 potions of might
 i - 10 potions of brilliance
 j - 6 potions of flight
 l - 3 potions of lignification
 m - a potion of berserk rage
 n - 2 potions of cancellation
 q - 15 potions of curing
 u - 4 potions of resistance
 w - 2 potions of ambrosia
 x - 4 potions of invisibility
 A - 3 potions of haste
 H - 6 potions of mutation
 M - 3 potions of attraction


   Skills:
 + Level 13.7 Fighting
 + Level 17.7 Dodging
 - Level 2.6 Stealth
 + Level 7.6 Unarmed Combat
 + Level 12.2 Spellcasting
 - Level 8.0 Hexes
 - Level 11.0 Summonings
 - Level 11.5 Translocations
 * Level 14.4 Transmutations
 * Level 13.3 Air Magic


You had 6 spell levels left.
You knew the following spells:

 Your Spells              Type           Power      Damage    Failure   Level
a - Summon Lightning Spi  Summ/Air       63%        N/A       1%          4
b - Summon Mana Viper     Hex/Summ       55%        N/A       1%          5
c - Summon Cactus Giant   Summ           29%        N/A       3%          6
d - Manifold Assault      Tloc           61%        N/A       1%          4
e - Summon Forest         Summ/Tloc      30%        N/A       1%          5
g - Blink                 Tloc           100%       N/A       1%          2
z - Storm Form            Tmut/Air       33%        N/A       5%          7

Your spell library contained the following spells:

 Spells                   Type           Power      Damage    Failure   Level
 Summon Small Mammal      Summ           100%       N/A       1%          1
 Call Imp                 Summ           59%        N/A       1%          2
 Call Canine Familiar     Summ           59%        N/A       1%          3
 Dazzling Flash           Conj/Hex       64%        N/A       1%          3
 Inner Flame              Hex/Fire       32%        N/A       1%          3
 Summon Guardian Golem    Hex/Summ       55%        N/A       1%          3
 Ice Form                 Ice/Tmut       47%        N/A       1%          4
 Iskenderun's Mystic Bla  Conj/Tloc      40%        2d9       1%          4
 Summon Ice Beast         Ice/Summ       39%        N/A       1%          4
 Scorch                   Fire           28%        2d6       2%          2
 Frozen Ramparts          Ice            28%        1d5       6%          3
 Hailstorm                Conj/Ice       14%        3d5       6%          3
 Eringya's Noxious Bog    Tmut/Pois      23%        N/A       14%         6
 Flame Wave               Conj/Fire      14%        2d6       17%         4
 Sticky Flame             Conj/Fire      14%        2d4       17%         4
 Borgnjor's Vile Clutch   Necr/Erth      7%         N/A       43%         5
 Death Channel            Necr           7%         N/A       93%         6
 Starburst                Conj/Fire      7%         6d4       93%         6
 Monstrous Menagerie      Summ           29%        N/A       16%         7
 Summon Hydra             Summ           29%        N/A       16%         7
 Animate Dead             Necr           Unusable   N/A       N/A         4
 Simulacrum               Ice/Necr       Unusable   N/A       N/A         6

Dungeon Overview and Level Annotations

Branches:
Dungeon (15/15)            Temple (1/1) D:6            Lair (5/5) D:8
  Swamp (4/4) Lair:2       Spider (4/4) Lair:3        Slime (0/5) Lair:4
    Orc (2/2) D:11            Elf (0/3) Orc:2        Vaults (0/5) D:14
 Depths (0/4) D:15          Sewer (visited)

Altars:
Ashenzari
Cheibriados
Dithmenos
Elyvilon
Fedhas
Gozag
Hepliaklqana
Kikubaaqudgha
Makhleb
Nemelex Xobeh
Okawaru
Qazlal
Ru
Sif Muna
Trog
Uskayaw
Vehumet
Wu Jian
Xom
Yredelemnul
Zin
The Shining One

Shops:
D:5 **   D:11 (   D:13 ?:   Orc:1 =   Orc:2 [==**   Lair:1 :   Lair:3 :
Lair:5 *   Swamp:1 *   Spider:1 :

Portals:
Abyss: D:14
Pandemonium: Orc:2

Annotations:
D:13 1 runed translucent door, baller8008's ghost, journeyman TrBe
D:14 2 transporters, Atuuduag's ghost, journeyman OgGl
Lair:2 exclusion: oklob plant
Lair:4 exclusion: oklob plant
Lair:5 2 runed translucent doors
Swamp:1 2 transporters, NinjaNoafa's ghost, journeyman FeSu


Innate Abilities, Weirdness & Mutations

You are a lightning-filled tempest!
Your electrical attacks strike out in all directions at once.
You are incredibly evasive.
Your insubstantial body is immune to petrification, constriction, and being set on fire You are flying.
You are immune to poison.
((You have sharp claws.))
((You have razor-sharp teeth.))
You have supernaturally acute eyesight. (SInv)
((You cover ground quickly. (Speed+)))
((Your thick and shaggy fur keeps you warm. (AC +3, rC+)))
((Your paws help you pounce on unaware monsters.))
You are incapable of wielding weapons or throwing items.
You cannot wear armour.
You gain extra lives every three experience levels.


Message History

Casting: Storm Form (quite dangerous; 5% risk of failure)
Confirm with . or Enter, or press ? or * to list all spells.
Okay, then.
Casting: Storm Form (quite dangerous; 5% risk of failure)
Confirm with . or Enter, or press ? or * to list all spells.
You blink.
The radroach barely misses your lightning spire. x2
Your lightning spire shoots out a bolt of lightning at the radroach!
The bolt of electricity hits the radroach!
The boulder beetle leaps!
The ghost moth stares at you.
You feel your power leaking away.
The ghost moth hits your lightning spire but does no damage.
The ghost moth hits your lightning spire!
The ghost moth stings your lightning spire!!
Your lightning spire is destroyed!
Your lightning spire disappears in a puff of smoke!
The radroach erupts in a fountain of uncontrolled magic!
You are blasted with magical radiation!!!
Ouch! That really hurt!
* * * LOW HITPOINT WARNING * * *
You are very lightly contaminated with residual magic.
The boulder beetle curls into a ball and begins rolling!
The ghost moth stares at you.
You buffet the radroach!
The radroach is almost dead.
You hit the ghost moth but do no damage.
The radroach completely misses you. x2
The ghost moth stares at you. The ghost moth completely misses you.
The ghost moth hits you.
* * * LOW HITPOINT WARNING * * *
You feel clumsy. The ghost moth completely misses you.
As you read the scroll of teleportation, it crumbles to dust.
You feel strangely unstable.
The radroach erupts in a fountain of uncontrolled magic!
The ghost moth is blasted with magical radiation!!!
The ghost moth twists and deforms.
You are blasted with magical radiation!
You die...
Your body crumbles into a pile of gold.

#...........#.........#.....
#.............#............
#..........................
#.........♣......#.........
#...................♣......
#..........^♣)..♣......^...
#..........^....♣.....###..
#......^........B.....#♣.^
#........°B....yv♣........
#............)............
#......^....°$........^...
#...........§#.##♣♣..#.♣♣.
#..........♣#### ○......
#..........## ...♣...§
#..........^# #^.....^
#..........## ....... $
#...........# #^.....


You could see a radroach, a boulder beetle (rolling) and a ghost moth
(invisible, misshapen).

Vanquished Creatures
  Arachne (Spider:2)
  An emperor scorpion (Spider:2)
  An eleionoma (Swamp:1)
  A spark wasp (Spider:4)
  2 entropy weavers
  A demonspawn (Orc:2)
  3 radroaches
  A jorogumo (Spider:4)
  2 steelbarb worms (Spider:3)
  A pharaoh ant (Spider:4)
  A spectral spark wasp (Spider:3)
  2 orb spiders
  A spectral jorogumo (Spider:3)
  An ugly thing (D:15)
  2 orc sorcerers (Orc:2)
  6 wolf spiders
  A spectral radroach (Spider:3)
  2 torpor snails (Spider:3)
  A demonic crawler (Spider:3)
  2 trolls (Orc:1)
  2 meliai
  A jorogumo simulacrum (Spider:3)
  4 tarantellas
  3 culicivoras
  5 jumping spiders
  A yak (D:11)
  A wyvern (Lair:4)
  12 redbacks
  2 vampire mosquitoes (Swamp:1)
  A swamp worm (Swamp:1)
  2 orc warriors (Orc:2)
  2 bullfrogs
  A jelly (D:5)
  2 orc priests (Orc:2)
  An orc wizard (Orc:2)
  An ufetubus (D:14)
  3 orcs
  2 ball pythons (Sewer)
  A bat (D:1)
  A goblin (D:3)
  2 rats
83 creatures vanquished.

Vanquished Creatures (collateral kills)
  Rupert (D:13)
  Frances (Spider:2)
  5 emperor scorpions
  A ghost moth (Spider:3)
  Louise (Swamp:1)
  A stone giant (D:15)
  2 broodmothers
  The ghost of Gifaivo the Spry, a journeyman DECj of Sif Muna (Spider:3)
  Azrael (D:15)
  5 bunyips
  2 eleionomae (Swamp:1)
  5 entropy weavers
  A fire dragon (D:13)
  A shambling mangrove (Swamp:2)
  A jorogumo (Spider:4)
  9 centaur warriors
  12 hydras
  A demonspawn (Orc:2)
  A hydra (shapeshifter) (D:13)
  A ghost crab (Swamp:2)
  9 boulder beetles
  2 dancing weapons (D:14)
  3 two-headed ogres
  A death yak (Lair:3)
  5 alligators
  3 tengu warriors
  A death scarab (Spider:3)
  5 orc high priests (Orc:2)
  6 pharaoh ants
  2 deep trolls (D:15)
  A spectral ghost moth (Spider:3)
  A spectral spark wasp (Spider:3)
  Lodul (D:11)
  3 goliath frogs
  A sun moth (Spider:3)
  4 steelbarb worms (Spider:4)
  A swamp dragon (Swamp:1)
  A bog body (Swamp:3)
  3 wizards
  A spectral broodmother (Spider:3)
  5 orc knights
  9 orb spiders
  A necromancer (D:15)
  11 ugly things
  8 deep elf pyromancers
  5 orc sorcerers
  12 wolf spiders
  A shining eye (shapeshifter) (D:15)
  2 manticores (D:15)
  2 will-o-the-wisps
  2 moths of wrath (Spider:2)
  3 elephants
  5 cyclopes
  5 black mambas
  3 molten gargoyles (Lair:5)
  An emperor scorpion simulacrum (Spider:3)
  4 demonic crawlers
  2 unseen horrors
  3 torpor snails
  A gargoyle (D:12)
  11 komodo dragons
  4 cane toads
  A kobold demonologist (D:13)
  Psyche (D:9)
  An ice devil (Orc:2)
  A rime drake (Lair:1)
  4 red devils (D:14)
  A tengu conjurer (D:14)
  2 ghost moth simulacra (Spider:3)
  6 trolls
  6 meliai
  7 polar bears
  Grinder (D:3)
  12 tyrant leeches
  A snapping turtle (shapeshifter) (D:13)
  6 hornets
  A slime creature (Lair:4)
  20 tarantellas
  8 dream sheep (Lair:5)
  25 blink frogs
  17 culicivoras
  16 jumping spiders
  2 shadows
  A centaur simulacrum (D:14)
  4 wyverns
  2 vampires
  A ynoxinul (Orc:2)
  5 spriggans
  A water elemental (D:14)
  2 wraiths
  30 yaks
  5 basilisks
  3 fire elementals (D:15)
  4 steam dragons
  30 redbacks
  11 vampire mosquitoes
  6 wargs
  An acid dragon (D:12)
  17 swamp worms
  9 water moccasins
  7 hell hounds
  A swamp drake (Swamp:3)
  A black bear (D:6)
  23 orc warriors
  Pargi (D:4)
  3 ice beasts
  A sky beast (D:6)
  2 wolves
  17 centaurs
  11 ogres
  2 lemures (D:4)
  A phantom (D:7)
  7 nameless horrors
  5 kobold brigands
  11 bullfrogs
  A gnoll sergeant (D:7)
  2 scorpions (D:5)
  Dowan (D:7)
  5 howler monkeys
  An electric eel (Lair:3)
  A crimson imp (D:4)
  5 lava snakes (Lair:5)
  15 orc priests
  A gnoll bouda (D:9)
  A hound (D:4)
  4 jellies
  3 iguanas
  14 orc wizards
  A boggart simulacrum (D:14)
  12 gnolls
  4 river rats (Sewer)
  13 adders
  8 white imps
  3 worms (D:5)
  3 dart slugs
  66 orcs
  9 endoplasms
  A giant cockroach (D:4)
  4 hobgoblins
  3 jackals (D:1)
  26 kobolds
  16 ball pythons
  5 bats
  4 frilled lizards (Sewer)
  7 goblins
  27 rats
  2 bushes (Lair:4)
  A butterfly (Lair:4)
  A snaplasher vine (Orc:2)
841 creatures vanquished.

Vanquished Creatures (others)
  4 hydras
  An alligator (Swamp:3)
  9 death yaks
  A two-headed ogre (D:12)
  2 boulder beetles (D:13)
  A skeletal warrior (D:13)
  A lindwurm (Lair:5)
  Pikel (D:4)
  A deep elf pyromancer (D:15)
  A manticore (D:11)
  The ghost of Plog the Summoner, a novice FeSu of Gozag (Lair:1)
  A will-o-the-wisp (Swamp:1)
  An elephant (Lair:4)
  A black mamba (Lair:1)
  2 cane toads (Lair:1)
  A torpor snail (Lair:5)
  3 bloated husks
  A troll (D:13)
  A hornet (D:8)
  2 blink frogs
  A wyvern (Lair:1)
  4 yaks (Lair:1)
  Grum (D:9)
  3 water moccasins (Lair:1)
  Duvessa (D:7)
  A wolf (D:9)
  A centaur (D:13)
  2 lemures (D:4)
  A bullfrog (D:9)
  A gnoll sergeant (D:6)
  A howler monkey (D:11)
  An orc priest (D:4)
  A jelly (Lair:4)
  2 orc wizards
  2 orcs
  A bush (Lair:4)
  6 foxfires (Swamp:1)
  44 fungi
  98 plants
  37 snaplasher vines
245 creatures vanquished.

Grand Total: 1169 creatures vanquished

Notes
Turn   | Place    | Note
-------+----------+-------------------------------------------
     0 | D:1      | ryw the Felid Summoner began the quest for the Orb.
     0 | D:1      | Reached XP level 1. HP: 7/7 MP: 4/4
   300 | D:1      | Reached skill level 3 in Dodging
   300 | D:1      | Reached XP level 2. HP: 9/12 MP: 1/6
   358 | D:1      | Learned a level 2 spell: Call Imp
   553 | D:1      | Reached skill level 1 in Fighting
   922 | D:1      | Reached XP level 3. HP: 15/15 MP: 2/7
   926 | D:1      | Learned a level 3 spell: Call Canine Familiar
  1527 | D:2      | Found a white marble altar of Elyvilon.
  2060 | D:3      | Noticed Grinder
  2526 | D:3      | Paralysed by Grinder for 3 turns
  2673 | D:3      | Killed Grinder
  2674 | D:3      | Reached skill level 4 in Dodging
  2674 | D:3      | Reached skill level 5 in Summonings
  2674 | D:3      | Reached XP level 4. HP: 20/20 MP: 1/9
  2674 | D:3      | Reached XP level 5. HP: 23/23 MP: 1/10
  2763 | D:3      | Learned a level 3 spell: Summon Guardian Golem
  3059 | D:3      | Gained mutation: You are covered in thick fur. (AC +2)
                  | [Felid growth]
  3059 | D:3      | Reached XP level 6. HP: 27/27 MP: 3/11
  3188 | D:3      | Found a faded altar of an unknown god.
  3512 | D:4      | Noticed Pargi
  3534 | D:4      | Killed Pargi
  3535 | D:4      | Reached skill level 5 in Dodging
  3535 | D:4      | Reached skill level 1 in Hexes
  3959 | D:4      | Noticed Pikel
  3997 | D:3      | Reached XP level 7. HP: 31/31 MP: 13/13
  4062 | D:3      | Learned a level 4 spell: Summon Lightning Spire
  4785 | D:4      | Killed by an exploding themself... ignited by their inner
                  | flame
  4786 | D:4      | Reached XP level 6. HP: -5/28 MP: 11/12
  5501 | D:4      | Killed Pikel
  5502 | D:4      | Reached skill level 6 in Dodging
  5502 | D:4      | Reached skill level 1 in Air Magic
  5502 | D:4      | Reached XP level 7. HP: 31/31 MP: 9/14
  5672 | D:5      | Entered Level 5 of the Dungeon
  5689 | D:5      | Found Garphinu's Assorted Antiques.
  5965 | D:5      | Found Eruhog's CLEARANCE SALE!.
  6063 | D:5      | Reached XP level 8. HP: 36/36 MP: 11/15
  6242 | D:5      | Reached skill level 7 in Dodging
  6261 | D:5      | Found a glowing drain.
  6292 | Sewer    | Entered a sewer
  6472 | Sewer    | Reached skill level 5 in Hexes
  6785 | D:5      | Reached skill level 5 in Spellcasting
  7238 | D:6      | Found a glowing silver altar of Zin.
  7338 | D:6      | Found a staircase to the Ecumenical Temple.
  7393 | D:6      | Found a hazy altar of Hepliaklqana.
  7439 | Temple   | Entered the Ecumenical Temple
  7537 | Temple   | Became a worshipper of Gozag Ym Sagoz the Greedy
  7717 | D:6      | Found a white marble altar of Elyvilon.
  7820 | D:6      | Reached skill level 5 in Fighting
  8196 | D:6      | Reached XP level 9. HP: 40/40 MP: 7/17
  8617 | D:7      | Found a sparkling altar of Nemelex Xobeh.
  8691 | D:7      | Found a radiant altar of Vehumet.
  8739 | D:7      | Reached skill level 8 in Dodging
  9072 | D:7      | Found an iron altar of Okawaru.
  9414 | D:7      | Noticed Dowan
  9424 | D:7      | Noticed Duvessa
  9429 | D:7      | Killed Dowan
  9467 | D:7      | Killed Duvessa
 10093 | D:8      | Reached skill level 9 in Dodging
 10226 | D:8      | Learned a level 7 spell: Storm Form
 10245 | D:8      | Reached skill level 5 in Air Magic
 10245 | D:8      | Reached XP level 10. HP: 33/46 MP: 13/20
 10456 | D:8      | Found a staircase to the Lair.
 10682 | D:8      | Reached skill level 1 in Transmutations
 10985 | D:9      | Noticed Grum
 10997 | D:9      | Killed Grum
 11183 | D:9      | Identified the +5 ring mail "Dotusex" {Dex+3}
 11257 | D:9      | Noticed Psyche
 11264 | D:9      | Killed Psyche
 11460 | D:9      | Learned a level 2 spell: Blink
 11483 | D:10     | Entered Level 10 of the Dungeon
 11828 | D:10     | Reached skill level 1 in Translocations
 12034 | D:10     | Reached skill level 10 in Dodging
 12071 | D:10     | Noticed a two-headed ogre
 12086 | D:10     | Killed a two-headed ogre
 12556 | D:11     | Noticed a manticore
 12563 | D:11     | Killed a manticore
 12564 | D:11     | Reached XP level 11. HP: 50/50 MP: 15/22
 12588 | D:11     | Noticed Lodul
 12643 | D:11     | Killed Lodul
 12898 | D:11     | Reached skill level 5 in Translocations
 12993 | D:11     | Found a staircase to the Orcish Mines.
 13044 | D:11     | Found Yseriraz's Weapon Boutique.
 13320 | Lair:1   | Entered Level 1 of the Lair of Beasts
 13327 | Lair:1   | Reached skill level 5 in Transmutations
 13435 | Lair:1   | Bought a manual of Translocations for 960 gold pieces
 13612 | Lair:1   | Reached skill level 11 in Dodging
 13663 | Lair:1   | Reached skill level 1 in Unarmed Combat
 14175 | Lair:1   | Found a runed translucent gate.
 14175 | Lair:1   | Found a runed translucent gate.
 14175 | Lair:1   | Found a runed translucent gate.
 14177 | Lair:1   | Noticed Plog's ghost (novice FeSu)
 14198 | Lair:1   | Killed Plog's ghost
 15104 | Lair:2   | Noticed an oklob plant
 15573 | Lair:2   | Gained mutation: Your thick and shaggy fur keeps you warm.
                  | (AC +3, rC+) [Felid growth]
 15573 | Lair:2   | Reached XP level 12. HP: 56/56 MP: 19/25
 15621 | Lair:2   | Noticed a five-headed hydra
 15637 | Lair:2   | Noticed a five-headed hydra
 15639 | Lair:2   | Killed a five-headed hydra
 15641 | Lair:2   | Killed a five-headed hydra
 15804 | Lair:2   | Found a staircase to the Swamp.
 16269 | Lair:2   | Learned a level 5 spell: Summon Forest
 16309 | Lair:2   | Noticed an eight-headed hydra
 16322 | Lair:2   | Killed an eight-headed hydra
 16749 | Lair:3   | Noticed a death yak
 16752 | Lair:3   | Noticed a death yak
 16753 | Lair:3   | Noticed a death yak
 16754 | Lair:3   | Noticed a death yak
 16755 | Lair:3   | Noticed a death yak
 17092 | Lair:3   | Found a hole to the Spider Nest.
 17101 | Lair:3   | HP: 1/56 [culicivora (17)]
 17102 | Lair:3   | Mangled by a culicivora
 17103 | Lair:3   | Reached XP level 11. HP: -7/52 MP: 15/24
 17429 | Lair:3   | Reached skill level 12 in Dodging
 17569 | Lair:3   | Engulfed by their own flame
 17570 | Lair:3   | Reached XP level 10. HP: -11/49 MP: 23/23
 17613 | Lair:3   | Reached XP level 11. HP: 53/53 MP: 17/24
 18345 | Lair:2   | Killed a death yak
 18565 | Lair:3   | Killed a death yak
 18567 | Lair:3   | Killed a death yak
 18635 | Lair:3   | Killed a death yak
 18661 | Lair:3   | Killed a death yak
 19245 | Lair:4   | Noticed a death yak
 19278 | Lair:4   | Killed a death yak
 19330 | Lair:4   | Noticed a death yak
 19330 | Lair:4   | Noticed a death yak
 19811 | Lair:4   | Noticed an oklob plant
 19842 | Lair:4   | Reached XP level 12. HP: 29/57 MP: 21/26
 20054 | Lair:4   | Noticed a four-headed hydra
 20060 | Lair:4   | Noticed a boulder beetle
 20067 | Lair:4   | Killed a four-headed hydra
 20091 | Lair:4   | Killed a boulder beetle
 20240 | Lair:4   | Noticed a death yak
 20244 | Lair:4   | Killed a death yak
 20246 | Lair:4   | Noticed a death yak
 20270 | Lair:4   | Killed a death yak
 20302 | Lair:4   | Killed a death yak
 20326 | Lair:4   | Killed a death yak
 20584 | Lair:4   | Found a staircase to the Slime Pits.
 20603 | Lair:4   | Reached skill level 13 in Dodging
 21016 | Lair:5   | Entered Level 5 of the Lair of Beasts
 21196 | Lair:5   | Reached skill level 10 in Transmutations
 21388 | Lair:5   | Noticed a six-headed hydra
 21392 | Lair:5   | Reached skill level 10 in Fighting
 21392 | Lair:5   | Reached skill level 10 in Air Magic
 21401 | Lair:5   | Killed a six-headed hydra
 21777 | Lair:5   | Noticed a seven-headed hydra
 21783 | Lair:5   | Killed a seven-headed hydra
 21876 | Lair:5   | Reached XP level 13. HP: 54/61 MP: 16/27
 21924 | Lair:5   | Learned a level 5 spell: Summon Mana Viper
 21980 | Lair:5   | Identified the +0 ring mail of Gozag, Screaming {+Blink rC+
                  | Will+ Dex-5}
 22324 | Lair:5   | Noticed a fire dragon
 23155 | Lair:5   | Found a large runed translucent door.
 23156 | Lair:5   | Found a large runed translucent door.
 24098 | D:12     | Identified a scroll of acquirement
 24098 | D:12     | Acquired 907 gold pieces
 24662 | D:13     | Identified the +0 leather armour of Hoffah {rC+ Dex+3}
 24705 | D:13     | Reached skill level 10 in Spellcasting
 24797 | D:13     | Learned a level 6 spell: Summon Cactus Giant
 24878 | D:13     | Noticed Rupert
 24893 | D:13     | Killed Rupert
 24894 | D:13     | Reached skill level 14 in Dodging
 24931 | D:13     | Noticed a fire dragon
 25391 | D:13     | Bought a scroll of blinking for 97 gold pieces
 25391 | D:13     | Bought a scroll of teleportation for 39 gold pieces
 25391 | D:13     | Bought a scroll of identify for 26 gold pieces
 25392 | D:13     | Reached XP level 14. HP: 67/67 MP: 29/29
 25435 | D:13     | Reached skill level 10 in Summonings
 25567 | D:13     | Noticed a ghost moth
 25819 | D:13     | Found Mithag's Book Emporium.
 25953 | D:14     | Shot with an arrow by a centaur
 25954 | D:14     | Reached XP level 13. HP: 0/63 MP: 10/28
 25963 | D:13     | Reached XP level 14. HP: 61/67 MP: 11/29
 26034 | D:13     | Found a runed translucent door.
 26034 | D:13     | Found a shimmering altar of Xom.
 26034 | D:13     | Noticed baller8008's ghost (journeyman TrBe)
 26498 | D:14     | Found a gate to the Vaults.
 26534 | D:14     | Found a transporter.
 26539 | D:14     | Noticed a cyan very ugly thing
 26540 | D:14     | Noticed Atuuduag's ghost (journeyman OgGl)
 26543 | D:14     | Noticed an orc warlord
 26567 | D:14     | Found a transporter.
 26689 | D:14     | Found a glowing golden altar of the Shining One.
 27912 | D:14     | Reached skill level 15 in Dodging
 28202 | Swamp:1  | Entered Level 1 of the Swamp
 28855 | Swamp:1  | Reached skill level 10 in Translocations
 29140 | Swamp:1  | Learned a level 4 spell: Manifold Assault
 29235 | Swamp:1  | Noticed Louise
 29247 | Swamp:1  | Killed Louise
 29365 | Swamp:1  | Found a transporter.
 29387 | Swamp:1  | Found a transporter.
 29387 | Swamp:1  | Noticed NinjaNoafa's ghost (journeyman FeSu)
 30247 | Swamp:2  | Reached XP level 15. HP: 72/72 MP: 6/30
 31433 | Swamp:4  | Entered Level 4 of the Swamp
 32223 | Orc:1    | Entered Level 1 of the Orcish Mines
 32402 | Orc:1    | Found Nix Sew's Jewellery Emporium.
 32415 | Orc:1    | Bought a +6 ring of strength for 396 gold pieces
 32961 | Orc:2    | Entered Level 2 of the Orcish Mines
 33628 | Orc:2    | Found a staircase to the Elven Halls.
 33743 | Orc:2    | Found Amidor's General Store.
 33747 | Orc:2    | Found Ishritut's General Store.
 34387 | Orc:2    | Found Kazeilib's Jewellery Boutique.
 34387 | Orc:2    | Found Puhaits's Antique Armour Shop.
 34388 | Orc:2    | Found a one-way gate leading to the halls of Pandemonium.
 35191 | D:15     | Entered Level 15 of the Dungeon
 35211 | D:15     | Reached skill level 16 in Dodging
 35427 | D:15     | Noticed Azrael
 35743 | D:15     | Identified the amulet "Buxzaig" {Faith Will++ Str+7}
 35779 | D:14     | Found a one-way gate to the infinite horrors of the Abyss.
 36002 | D:15     | Killed Azrael
 36003 | D:15     | Reached skill level 5 in Unarmed Combat
 36346 | D:15     | Found a staircase to the Depths.
 36450 | D:15     | Reached XP level 16. HP: 57/77 MP: 15/31
 37066 | Spider:1 | Entered Level 1 of the Spider Nest
 37694 | Spider:1 | You fall into a shaft and drop 1 floor!
 37698 | Spider:2 | Noticed Arachne
 37879 | Spider:2 | Slain by a wolf spider
 37880 | Spider:2 | Reached XP level 15. HP: -1/73 MP: 1/31
 38719 | Spider:2 | Noticed Frances
 38734 | Spider:2 | Killed Frances
 38770 | Spider:2 | Noticed an emperor scorpion
 38781 | Spider:2 | Killed an emperor scorpion
 38971 | Spider:2 | Noticed an emperor scorpion
 38978 | Spider:2 | Killed an emperor scorpion
 39512 | Spider:2 | Reached skill level 17 in Dodging
 39907 | Spider:2 | Killed Arachne
 40405 | Spider:3 | Reached XP level 16. HP: 78/78 MP: 10/32
 41012 | Spider:3 | Found a runed translucent gate.
 41012 | Spider:3 | Found a runed translucent gate.
 41012 | Spider:3 | Found a runed translucent gate.
 41024 | Spider:3 | Noticed Gifaivo's ghost (journeyman DECj)
 41340 | Spider:3 | Killed Gifaivo's ghost
 41511 | Spider:4 | Entered Level 4 of the Spider Nest
 43118 | Spider:4 | Slain by a radroach

Illustrated notes

Levels and vault maps discovered:
D:1:      minmay_arrival_widening_spiral_wide, layout_rooms
D:2:      layout_basic, basic_altar
D:3:      layout_loops_ring, chequers_ecumenical_altar_island, minivault_4,
          uniq_grinder
D:4:      layout_basic, minivault_26, nicolae_concentric_dashed_squares_wild,
          minmay_fire_ice_demons, uniq_pargi, uniq_pikel
D:5:      layout_gridville, cheibrodos_sewer_entry_bend, serial_shops,
          nicolae_shop_waterfront, nicolae_shop_clearance
D:6:      layout_loops_ring, zin_academy, mainiacjoe_overflow_paths,
          mainiacjoe_overflow_24_doors, minmay_temple_entry_poolview
D:7:      layout_basic, overflow_temple_1_default,
          mainiacjoe_overflow_six_doors_small, vehumet_crystals,
          dreamdust_wishing_well, uniq_duvessa
D:8:      layout_basic, lair_entry_dummy, serial_glass, glass_columns_b,
          glass_columns_b
D:9:      layout_cave_pools, uniq_psyche, uniq_grum
D:10:     layout_stronghold
D:11:     layout_basic, orc_0_dummy, serial_shops,
          nicolae_shop_bloodbath_and_beyond, uniq_lodul
D:12:     layout_irregular_city, lemuel_flamethrower_3
D:13:     layout_cave_pools, ebering_ghost_xom, serial_shops, shop,
          minmay_the_grid_2x2 [minmay_the_grid_square_x,
          minmay_the_grid_stretched_grid, minmay_the_grid_minigrid_medium,
          minmay_the_grid_prize_big_room], uniq_rupert
D:14:     layout_loops_ring, erik_vaults_1, gammafunk_ghost_abyssal_escape,
          serial_ice, serial_ice_o, serial_ice_a, serial_ice_i, serial_ice_e,
          serial_ice_m, serial_ice_n, portal_ice_cave_entry_pillars_1,
          tso_metal_star, kennysheep_decorative_pillar,
          einodemon_armed_red_devil_minivault
D:15:     hangedman_depths_entry_civil_slaughter, layout_cross, minmay_circle_x,
          uniq_azrael
Temple:   minmay_temple_bridge_d
Lair:1:   layout_hall_layers, ebering_ghost_rock_garden, beast_lair_carwin_1,
          lemuel_fruit_tree, serial_bayou_shore_b
Lair:2:   layout_regular_city, palyth_hydra_swamp_entry,
          nicolae_quartered_pool_little
Lair:3:   layout_gridlike, hellmonk_spider_entry_life_and_decay,
          serial_bayou_shore_a
Lair:4:   layout_roguey, minmay_slime_entry_pillars, lemuel_fruit_fields,
          grunt_megastairs_1
Lair:5:   cheibrodos_lair_end_hotspot, layout_gridlike, minivault_27
Swamp:1:  layout_falls_marsh, gammafunk_ghost_mausoleum,
          nicolae_swamp_rocky_clearing, swamp_pool1, infiniplex_staircase_pool,
          uniq_louise
Swamp:2:  layout_basic_swamp, evilmike_swamp_ruin_house_2
Swamp:3:  layout_basic_swamp, evilmike_swamp_ruin_house_5
Swamp:4:  swamp, layout_basic_swamp, swamp_pool5, uniq_donald
Spider:1: layout_spider_delve
Spider:2: layout_cave_pods, uniq_arachne, uniq_frances
Spider:3: layout_spider_delve, gammafunk_ghost_necromancy
Spider:4: hellmonk_spider_rune_bug_friends
Orc:1:    layout_diamond_mine, basic_altar, serial_shops, shop
Orc:2:    pf_orc_diabolical, layout_caves, nicolae_orc_pool_cavern, mines1_david

Skill      XL: |  1  2  3  4  5  6  7  8  9 10 11 12 13 14 15 16 |
---------------+-------------------------------------------------+-----
Dodging        | 3 4 6 7 9 10 12 13 14 15 17 | 17.7
Fighting       | 1 2 3 4 5 6 7 9 10 11 13 | 13.7
Spellcasting   | 3 4 5 6 7 9 10 12 | 12.2
Summonings     | 5 6 7 8 9 10 11 | 11.0
Hexes          | 3 4 5 7 8 |  8.0
Air Magic      | 1 2 3 5 6 9 10 11 12 13 | 13.3
Transmutations | 8 9 10 11 12 13 14 | 14.4
Translocations | 3 7 11 | 11.5
Unarmed Combat | 2 6 7 |  7.6
Stealth        | |  2.6

Action                   |  1- 3 |  4- 6 |  7- 9 | 10-12 | 13-15 | 16-18 || total
-------------------------+-------+-------+-------+-------+-------+-------++-------
Melee: Unarmed           |    11 |     5 |    46 |   117 |   147 |   105 ||   431
       Bite              |     2 |     1 |     2 |    20 |     6 |       ||    31
       Punch             |       |       |       |     3 |     7 |    13 ||    23
 Cast: Summon Small Mamm |    57 |    37 |    63 |    41 |       |       ||   198
       Call Imp          |    24 |    24 |    52 |    47 |     4 |       ||   151
       Call Canine Famil |    11 |    23 |    65 |    94 |       |       ||   193
       Summon Guardian G |       |     9 |    22 |   100 |    33 |       ||   164
       Summon Lightning  |       |       |    44 |   127 |   177 |    56 ||   404
       Summon Forest     |       |       |       |    49 |   127 |    45 ||   221
       Blink             |       |       |       |     3 |     6 |     5 ||    14
       Summon Mana Viper |       |       |       |       |   181 |    52 ||   233
       Summon Cactus Gia |       |       |       |       |   136 |    44 ||   180
       Storm Form        |       |       |       |       |    46 |    34 ||    80
       Manifold Assault  |       |       |       |       |     2 |     2 ||     4
Invok: Call Merchant     |       |       |       |     3 |     3 |     1 ||     7
  Use: Scroll            |       |       |    16 |     9 |    12 |     3 ||    40
       Potion            |       |       |       |       |     4 |     1 ||     5
 Stab: Sleeping          |       |       |     1 |       |       |       ||     1
       Distracted        |       |       |       |     4 |     4 |     4 ||    12
Armor: Skin              |     2 |       |     1 |    15 |    28 |    28 ||    74
Dodge: Dodged            |    42 |    11 |   148 |   243 |   482 |   448 ||  1374

Table legend: (Time is in decaauts)
 A = Elapsed time spent in this place.
 B = Non-inter-level travel time spent in this place.
 C = Inter-level travel time spent in this place.
 D = Time resting spent in this place.
 E = Time spent auto-exploring this place.
 F = Levels seen in this place.
 G = Mean time per level.
                   A        B        C        D        E       F      G
               +--------+--------+--------+--------+--------+-----+--------+
         Total |  39374 |  36654 |   2720 |   8032 |  20056 |  32 | 1230.4 |
       Dungeon |  17262 |  15977 |   1285 |   2696 |   9289 |  15 | 1150.8 |
        Temple |    138 |     58 |     80 |      0 |     50 |   1 |  138.0 |
          Lair |   9830 |   9060 |    770 |   2886 |   4271 |   5 | 1966.0 |
         Swamp |   3580 |   3401 |    179 |    776 |   1994 |   4 |  895.0 |
   Spider Nest |   5604 |   5374 |    230 |   1354 |   2669 |   4 | 1401.0 |
  Orcish Mines |   2512 |   2337 |    175 |    198 |   1632 |   2 | 1256.0 |
         Sewer |    446 |    446 |      0 |    122 |    150 |   1 |  446.0 |
               +--------+--------+--------+--------+--------+-----+--------+

Top non-repeatable levels by time:
  Lair:3: 2348 daAuts
Spider:3: 2144 daAuts
    D:14: 2127 daAuts
  Lair:5: 2079 daAuts
  Lair:2: 2038 daAuts
   Orc:2: 1725 daAuts
  Lair:4: 1721 daAuts
Spider:2: 1712 daAuts
  Lair:1: 1642 daAuts
     D:3: 1481 daAuts
     D:4: 1440 daAuts
 Swamp:1: 1374 daAuts
    D:13: 1258 daAuts
 Swamp:3: 1235 daAuts
     D:2: 1203 daAuts
